 Dungeon Crawl Stone Soup version 0.30.1-9-gdf580d7c3d (webtiles) character file.

Game seed: 1886252659758085148

20449 Eitelfritz the Severer (level 12, -5/96 HPs)
             Began as a Hill Orc Fighter on Oct 22, 2023.
             Was a High Priest of Hepliaklqana.
             Slain by a two-headed ogre
             ... wielding a +0 giant club
              (8 damage)
             ... on level 2 of the Orcish Mines.
             The game lasted 00:38:14 (12060 turns).

Eitelfritz the Severer (Hill Orc Fighter)          Turns: 12060, Time: 00:38:15

Health: -5/96      AC: 20    Str: 22    XL:     12   Next: 79%
Magic:  16/16      EV: 11    Int: 10    God:    Hepliaklqana [*****.]
Gold:   1284       SH: 20    Dex: 10    Spells: 11/11 levels left

rFire   + + .        a - +3 war axe (elec)
rCold   . . .        f - +4 kite shield of Eczus {rF+}
rNeg    . . .        I - +0 plate armour {rF+}
rPois   +            V - +0 helmet
rElec   .            U - +0 cloak
rCorr   .            (no gloves)
SInv    .            v - +2 pair of boots
Will    .....        m - amulet of reflection Stlth
                     i - +5 ring of evasion
HPRegen 0.36/turn    z - ring of poison resistance
MPRegen 0.15/turn

%: reflection
@: mighty
A: reduced essence
a: Renounce Religion, Recall Ancestor, Ancestor Identity, Transference, Idealise


You were on level 2 of the Orcish Mines.
You worshipped Hepliaklqana.
Hepliaklqana was extremely pleased with you.
You visited 3 branches of the dungeon, and saw 14 of its levels.
You also visited: Ossuary and Bailey.

You collected 1284 gold pieces.

Inventory:

Hand Weapons
 a - a +3 war axe of electrocution (weapon)
 b - a +2 flail of draining
Missiles
 r - 3 curare-tipped darts
 u - 6 boomerangs
 y - 8 throwing nets (quivered)
 Q - 11 poisoned darts
Armour
 f - the +4 kite shield of Eczus (worn) {rF+}
   (You acquired it on level 4 of the Dungeon)

   rF:        It protects you from fire.
 v - a +2 pair of boots (worn)
 I - a +0 plate armour of fire resistance (worn)
 U - a +0 cloak (worn)
 V - a +0 helmet (worn)
Jewellery
 i - a +5 ring of evasion (left hand)
 k - an amulet of guardian spirit
 l - a +6 ring of intelligence
 m - an amulet of reflection (around neck)
 t - a ring of magical power
 z - a ring of poison resistance (right hand)
 J - a ring of wizardry
 K - a ring of protection from fire
 P - a ring of see invisible
 R - the dreamshard necklace {*Dream Drain}
   (You found it in a bailey)

   [amulet of nothing]

   *Dream:    It shatters if its wearer takes lethal or near-lethal damage,
   preventing the blow and releasing protective dreams that heal and fight for
   the wearer.
   Drain:     It drains your maximum health when unequipped.
Wands
 w - a wand of polymorph (11)
 A - a wand of roots (20)
 C - a wand of mindburst (14)
 L - a wand of flame (25)
 M - a wand of light (13)
Scrolls
 c - 5 scrolls of fear
 h - 4 scrolls of immolation
 x - 5 scrolls of teleportation
 F - 3 scrolls of enchant weapon
 H - a scroll of amnesia
 N - 4 scrolls of poison
 T - a scroll of blinking
Potions
 d - 3 potions of might
 e - 4 potions of flight
 g - 2 potions of haste
 j - 2 potions of brilliance
 n - 3 potions of attraction
 o - 4 potions of lignification {unknown}
 p - a potion of ambrosia {unknown}
 q - 11 potions of curing
 s - 3 potions of magic
 B - 2 potions of mutation {unknown}
 D - 2 potions of berserk rage {unknown}
 E - 2 potions of cancellation {unknown}
 G - 5 potions of resistance
 O - a potion of heal wounds {unknown}


   Skills:
 + Level 10.3 Fighting
 + Level 16.3 Axes
 + Level 9.1 Armour
 + Level 2.4 Dodging
 + Level 3.4 Stealth
 + Level 11.8 Shields
 + Level 6.0 Invocations


You had 11 spell levels left.
You didn't know any spells.
Your spell library contained the following spells:

 Spells                   Type           Power      Damage    Failure   Level
 Freeze                   Ice            0%         1d3       100%        1
 Kiss of Death            Conj/Necr      0%         2d5       100%        1
 Cigotuvi's Dreadful Rot  Necr/Pois/Air  0%         N/A       100%        2
 Lesser Beckoning         Tloc           0%         N/A       100%        2
 Passwall                 Tmut/Erth      0%         N/A       100%        2
 Confusing Touch          Hex            0%         N/A       100%        3
 Frozen Ramparts          Ice            0%         1d1       100%        3
 Gell's Gravitas          Tloc           0%         N/A       100%        3
 Hailstorm                Conj/Ice       0%         3d3       100%        3
 Inner Flame              Hex/Fire       0%         N/A       100%        3
 Teleport Other           Tloc           0%         N/A       100%        3
 Anguish                  Hex/Necr       0%         N/A       100%        4
 Dispel Undead            Necr           0%         3d6       100%        4
 Yara's Violent Unravell  Hex/Tmut       0%         3d3       100%        5
 Death Channel            Necr           0%         N/A       100%        6
 Enfeeble                 Hex            0%         N/A       100%        7
 Necromutation            Tmut/Necr      0%         N/A       100%        8


Dungeon Overview and Level Annotations

Branches:
Dungeon (11/15)            Temple (1/1) D:6            Lair (0/5) D:9
    Orc (1/2) D:11            Elf (0/3) Orc:2       Ossuary (visited)
 Bailey (visited)

Altars:
Ashenzari
Cheibriados
Dithmenos
Elyvilon
Fedhas
Gozag
Hepliaklqana
Kikubaaqudgha
Makhleb
Nemelex Xobeh
Okawaru
Qazlal
Ru
Sif Muna
Trog
Uskayaw
Vehumet
Wu Jian
Xom
Yredelemnul
Zin
The Shining One

Shops:
D:4 (   D:5 :   D:10 *   Orc:2 :

Annotations:
D:9 6 runed translucent doors


Message History

You slash the two-headed ogre! The two-headed ogre barely misses you.
You block the two-headed ogre's attack. The ogre misses you.
An ogre mage comes into view. It is wielding a +0 spear.
Your Fighting skill increases to level 10!
You slice the two-headed ogre!!
Lightning courses through the two-headed ogre!
You kill the two-headed ogre!
You barely miss the two-headed ogre. You slash the two-headed ogre!
You hit the ogre.
You kill the ogre!
You slash the ogre! Lightning courses through the ogre!!
You kill the ogre!
The ogre mage points at the ogre and mumbles some strange words.
The ogre seems to speed up.
The two-headed ogre hits you but does no damage.
The two-headed ogre hits you with a +0 giant club!
* * * LOW HITPOINT WARNING * * *
You hear a shout!
You feel very mighty all of a sudden.
The two-headed ogre hits you with a +0 giant club.
* * * LOW HITPOINT WARNING * * *
The two-headed ogre hits you with a +0 giant club.
* * * LOW HITPOINT WARNING * * *
You block the ogre's attack.
Unknown command.
You slice the two-headed ogre!!
You kill the two-headed ogre!
You barely miss the ogre. You slash the two-headed ogre!
You hit the two-headed ogre.
Lightning courses through the two-headed ogre!
You slice the two-headed ogre!! You block the two-headed ogre's attack.
The two-headed ogre hits you with a +0 giant club!
* * * LOW HITPOINT WARNING * * *
You barely miss the two-headed ogre.
The two-headed ogre is lightly wounded.
You barely miss the two-headed ogre. You hit the ogre.
Lightning courses through the ogre! You closely miss the two-headed ogre.
You block the two-headed ogre's attack.
The two-headed ogre hits you with a +0 giant club!
You die...

.⌠............#
..............# ....#
..............# O...
..............## ...#
...............###..###.
.................O......
.................O......
...............OOO.....#
...............)@)......
.........^.......O......
.................†..####
....................#
....................#
....................#
....................#
....................#
....................#


You could see 3 two-headed ogres, an ogre mage and 3 ogres.

Vanquished Creatures
  Snorg (D:10)
  7 two-headed ogres
  Pikel (D:7)
  An orc knight (Orc:1)
  An ugly thing (D:11)
  A manticore (D:7)
  A kobold demonologist (D:11)
  5 trolls
  Sigmund (D:2)
  A jumping spider (D:9)
  A wyvern (D:9)
  A wraith (D:11)
  A basilisk (D:11)
  4 yaks (D:11)
  A redback (D:9)
  3 wargs
  3 water moccasins (D:9)
  4 orc warriors
  A hornet zombie (Ossuary)
  2 sky beasts
  A black bear (D:9)
  5 ogres
  6 centaurs
  A wolf (Bailey)
  A lemure (D:7)
  A kobold brigand (D:11)
  4 bullfrogs
  9 gnoll sergeants
  2 scorpions
  2 water moccasin zombies (Ossuary)
  7 wights (D:8)
  7 killer bees (D:10)
  4 centaur zombies (Ossuary)
  A jelly (D:8)
  3 bullfrog zombies (Ossuary)
  4 gnoll boudas (Bailey)
  4 hounds
  6 orc priests
  Jessica (D:2)
  10 orc wizards
  9 iguanas
  3 killer bee zombies (Ossuary)
  3 mummies (Ossuary)
  2 howler monkey zombies (Ossuary)
  Robin (D:2)
  6 adders
  16 gnolls
  A white imp (D:5)
  2 worms
  4 dart slugs
  34 orcs
  5 endoplasms
  2 giant cockroaches
  11 goblins
  7 hobgoblins
  3 jackals (D:2)
  5 quokkas
  6 ball pythons
  5 bats
  6 frilled lizards
  10 kobolds
  5 rats
266 creatures vanquished.

Vanquished Creatures (collateral kills)
  Joseph (D:8)
  A komodo dragon (D:8)
  2 trolls
  2 yaks (D:11)
  A steam dragon (D:8)
  2 redbacks (D:9)
  2 water moccasins
  A sky beast (D:7)
  5 orc warriors
  A black bear (D:5)
  4 ogres
  A hornet zombie (Ossuary)
  An ice beast (D:6)
  4 wolves (Bailey)
  A centaur (D:6)
  2 lemures (D:7)
  The ghost of fungusakafungus the Shooter, an amateur GrHu (D:3)
  2 bullfrogs
  2 kobold brigands (D:11)
  7 gnoll sergeants
  A wyvern zombie (Ossuary)
  2 scorpions
  A wight (D:8)
  2 killer bees (D:10)
  3 bullfrog zombies (Ossuary)
  2 centaur zombies (Ossuary)
  2 hounds
  2 orc priests
  2 gnoll boudas (Bailey)
  6 iguanas
  2 mummies (Ossuary)
  7 orc wizards
  2 killer bee zombies (Ossuary)
  3 howler monkey zombies (Ossuary)
  3 adders
  11 gnolls
  2 worms (D:2)
  A dart slug (D:4)
  21 orcs
  3 ball pythons
  3 bats (D:2)
  A giant cockroach (D:4)
  10 goblins
  4 hobgoblins
  2 jackals (D:5)
  6 kobolds
  2 quokkas
  2 rats
151 creatures vanquished.

Vanquished Creatures (others)
  6 battlemagi
  An orc wizard (D:9)
  An ancestor (D:2)
8 creatures vanquished.

Grand Total: 425 creatures vanquished

Notes
Turn   | Place    | Note
-------+----------+-------------------------------------------
     0 | D:1      | Eitelfritz the Hill Orc Fighter began the quest for the
                  | Orb.
     0 | D:1      | Reached XP level 1. HP: 19/19 MP: 1/1
   134 | D:1      | Reached XP level 2. HP: 27/27 MP: 2/2
   273 | D:1      | Reached skill level 3 in Axes
   395 | D:1      | Reached XP level 3. HP: 30/33 MP: 3/3
   608 | D:1      | Found a faded altar of an unknown god.
   929 | D:1      | Prayed at the altar of an unknown god.
   929 | D:1      | Became a worshipper of Hepliaklqana the Forgotten
   929 | D:1      | Reached * piety under Hepliaklqana
  1097 | D:2      | Reached XP level 4. HP: 31/36 MP: 4/4
  1234 | D:2      | Noticed Robin
  1241 | D:2      | Reached skill level 4 in Axes
  1244 | D:2      | Killed Robin
  1249 | D:2      | Noticed Jessica
  1262 | D:2      | Killed Jessica
  1263 | D:2      | Reached XP level 5. HP: 34/42 MP: 5/5
  1317 | D:2      | Noticed Sigmund
  1324 | D:2      | Killed Sigmund
  1325 | D:2      | Reached skill level 5 in Axes
  1325 | D:2      | Reached XP level 6. HP: 44/49 MP: 6/6
  1720 | D:2      | Reached skill level 6 in Axes
  2003 | D:3      | Noticed fungusakafungus's ghost (amateur GrHu)
  2035 | D:3      | Found a runed translucent gate.
  2035 | D:3      | Found a runed translucent gate.
  2049 | D:3      | Found a runed translucent gate.
  2059 | D:3      | Reached ** piety under Hepliaklqana
  2204 | D:3      | Reached skill level 1 in Dodging
  2248 | D:3      | Found a shimmering altar of Xom.
  2484 | D:3      | Remembered your ancestor Ælfthryth as a battlemage
  2584 | D:3      | Killed fungusakafungus's ghost
  2756 | D:4      | Found Koicoeq's Weapon Boutique.
  2824 | D:4      | Reached skill level 5 in Fighting
  2824 | D:4      | Reached XP level 7. HP: 54/54 MP: 7/7
  3106 | D:4      | Reached skill level 7 in Axes
  3129 | D:4      | Reached *** piety under Hepliaklqana
  3392 | D:4      | Identified a scroll of acquirement
  3392 | D:4      | Acquired the +4 kite shield of Eczus {rF+}
  3564 | D:5      | Entered Level 5 of the Dungeon
  3690 | D:5      | Found a sand-covered staircase.
  3700 | Ossuary  | Entered an ossuary
  3718 | Ossuary  | Reached skill level 1 in Stealth
  3736 | Ossuary  | Reached skill level 5 in Armour
  3747 | Ossuary  | Reached XP level 8. HP: 32/62 MP: 8/8
  3749 | Ossuary  | Reached skill level 8 in Axes
  3853 | Ossuary  | Reached skill level 5 in Shields
  3930 | Ossuary  | Reached skill level 1 in Invocations
  4066 | Ossuary  | Reached skill level 9 in Axes
  4293 | D:5      | Reached XP level 9. HP: 60/67 MP: 11/11
  4378 | D:5      | Reached skill level 10 in Axes
  4388 | D:5      | Found Qiblisam's Book Shop.
  4492 | D:5      | Found a radiant altar of Vehumet.
  5120 | D:6      | Found a staircase to the Ecumenical Temple.
  5239 | D:6      | Reached skill level 11 in Axes
  5465 | Temple   | Entered the Ecumenical Temple
  5836 | D:7      | Noticed Pikel
  5849 | D:7      | Killed Pikel
  5850 | D:7      | Reached skill level 5 in Invocations
  5850 | D:7      | Reached XP level 10. HP: 67/75 MP: 12/14
  5923 | D:7      | Reached **** piety under Hepliaklqana
  5924 | D:7      | Noticed a manticore
  5929 | D:7      | Killed a manticore
  5947 | D:7      | Reached skill level 12 in Axes
  6604 | D:8      | Found a hide-covered altar of Uskayaw.
  6604 | D:8      | Noticed Joseph
  6613 | D:8      | Killed Joseph
  7001 | D:8      | Reached skill level 13 in Axes
  7205 | D:9      | Found a staircase to the Lair.
  7228 | D:9      | Reached XP level 11. HP: 82/82 MP: 15/15
  7272 | D:9      | Reached ***** piety under Hepliaklqana
  7576 | D:9      | Found a glowing silver altar of Zin.
  7928 | D:9      | Found a runed translucent door.
  7932 | D:9      | Found the +3 hat of Pondering {ponderous, Will+ MP+10
                  | Int+5}
  8205 | D:9      | Found a runed translucent gate.
  8206 | D:9      | Noticed a boulder beetle
  8207 | D:9      | Found a runed translucent gate.
  8208 | D:9      | Found a runed translucent gate.
  8208 | D:9      | Found a runed translucent gate.
  8208 | D:9      | Found a runed translucent gate.
  8208 | D:9      | Noticed a lindwurm
  8209 | D:9      | Found a runed translucent gate.
  8396 | D:10     | Entered Level 10 of the Dungeon
  8422 | D:10     | Noticed a two-headed ogre
  8432 | D:10     | Killed a two-headed ogre
  8457 | D:10     | Found a burning altar of Makhleb.
  8674 | D:10     | Reached skill level 14 in Axes
  8734 | D:10     | Found a flagged portal.
  8773 | Bailey   | Entered a bailey
  9069 | Bailey   | Reached skill level 10 in Shields
  9373 | Bailey   | Got Hipiubb's Anthology of the Morgue and the Caves
  9406 | Bailey   | Found the dreamshard necklace {*Dream Drain}
  9563 | D:10     | Found an opulent altar of Gozag.
  9563 | D:10     | Noticed Snorg
  9572 | D:10     | Killed Snorg
  9573 | D:10     | Found Gozag's Platinum Reserve.
 10159 | D:11     | Noticed a two-headed ogre
 10164 | D:11     | Killed a two-headed ogre
 10203 | D:11     | Noticed a two-headed ogre
 10212 | D:11     | Killed a two-headed ogre
 10271 | D:11     | Noticed a red ugly thing
 10278 | D:11     | Killed a red ugly thing
 10279 | D:11     | Reached XP level 12. HP: 58/92 MP: 16/16
 10403 | D:11     | Found a staircase to the Orcish Mines.
 10413 | D:11     | Reached skill level 15 in Axes
 11536 | Orc:1    | Entered Level 1 of the Orcish Mines
 11794 | Orc:1    | You fall into a shaft and drop 1 floor!
 11794 | Orc:2    | Entered Level 2 of the Orcish Mines
 11798 | Orc:2    | Found a staircase to the Elven Halls.
 11918 | Orc:2    | Found Baunabluje's Vocational Training.
 12040 | Orc:2    | Noticed a two-headed ogre
 12040 | Orc:2    | Noticed a two-headed ogre
 12040 | Orc:2    | Noticed a two-headed ogre
 12045 | Orc:2    | Noticed a two-headed ogre
 12046 | Orc:2    | Noticed a two-headed ogre
 12047 | Orc:2    | Noticed a two-headed ogre
 12048 | Orc:2    | Noticed a two-headed ogre
 12052 | Orc:2    | Killed a two-headed ogre
 12056 | Orc:2    | Reached skill level 16 in Axes
 12056 | Orc:2    | Killed a two-headed ogre
 12056 | Orc:2    | Noticed an ogre mage
 12057 | Orc:2    | Reached skill level 10 in Fighting
 12057 | Orc:2    | Killed a two-headed ogre
 12059 | Orc:2    | Killed a two-headed ogre
 12059 | Orc:2    | HP: 3/95 [two-headed ogre/+0 giant club (14)]
 12060 | Orc:2    | Slain by a two-headed ogre

Illustrated notes

Levels and vault maps discovered:
D:1:      giann_forest_graveyard, layout_basic,
          hellmonk_ecumenical_altar_run_dry, minivault_14, minmay_tetromino_i4
D:2:      minmay_recursive_quarters, layout_basic, uniq_robin, uniq_sigmund,
          uniq_jessica
D:3:      layout_loops_ring, mainiacjoe_overflow_chevrons, gammafunk_ghost_split
D:4:      layout_cave_pods, serial_shops, nicolae_shop_statue_plus
D:5:      minmay_chambers_of_threes, layout_loops_ring, old_standard_altar,
          serial_shops, nicolae_shop_hallway_plus, nicolae_ossuary_entry_ruins
D:6:      layout_rooms, minmay_temple_entry_glassed_door
D:7:      layout_rooms, uniq_pikel
D:8:      layout_loops_ring, nicolae_uskayaw_dance_hall, hex_tiny,
          minmay_lizard_king, uniq_joseph
D:9:      gammafunk_indiana_jones, layout_long_grid, kennysheep_mini,
          due_lair_maze_entry_diamond
D:10:     layout_gridville, nicolae_gozag_zags_fifth_avenue,
          mainiacjoe_overflow_catwalk, enter_bailey_3, uniq_snorg
D:11:     layout_roguey, kennysheep_orc_monster_closet_entryway,
          grunt_decor_resistance
Temple:   nicolae_temple_bog_church
Orc:1:    layout_caves
Orc:2:    st_orc_ogre_mass, layout_diamond_mine, biasface_ghost_orc_armoury,
          enter_volcano_2, nicolae_shop_vocational

Skill      XL: |  1  2  3  4  5  6  7  8  9 10 11 12 |
---------------+-------------------------------------+-----
Axes           | 3 4 5 6 7 9 11 13 14 16 | 16.3
Fighting       | 4 5 6 7 8 10 | 10.3
Armour         | 4 5 6 7 8 9 |  9.1
Shields        | 4 5 7 8 10 11 | 11.8
Dodging        | 1 2 |  2.4
Stealth        | 1 2 3 |  3.4
Invocations    | 2 5 6 |  6.0

Action                     |  1- 3 |  4- 6 |  7- 9 | 10-12 || total
---------------------------+-------+-------+-------+-------++-------
  Melee: War axe           |    88 |   111 |   200 |   452 ||   851
 Invoke: Ancestor Life: Ba |       |     1 |       |       ||     1
         Recall Ancestor   |       |       |     1 |       ||     1
    Use: Scroll            |       |       |    18 |     7 ||    25
         Potion            |       |       |       |     1 ||     1
   Stab: Distracted        |       |     3 |     3 |    12 ||    18
 Armour: Scale mail        |    41 |    28 |    33 |       ||   102
         Plate armour      |       |       |    10 |   114 ||   124
  Dodge: Dodged            |    47 |    60 |    66 |   134 ||   307
  Block: Buckler           |    25 |    52 |     5 |       ||    82
         Reflection        |       |     3 |     9 |    18 ||    30
         Kite shield       |       |       |   185 |   498 ||   683
